 Dungeon Crawl Stone Soup version 0.20.1-1-g8b1a95d (webtiles) character file.

46 DerpyTurtle01 the Ruffian (level 3, -2/31 HPs)
             Began as a Naga Transmuter on Nov 23, 2017.
             Slain by a worm (9 damage)
             ... on level 2 of the Dungeon.
             The game lasted 00:06:18 (1772 turns).

DerpyTurtle01 the Ruffian (Naga Transmuter)         Turns: 1772, Time: 00:06:19

Health: -2/31      AC:  2    Str: 13    XL:     3   Next: 68%
Magic:  6/6        EV: 10    Int: 13    God:
Gold:   40         SH:  0    Dex: 11    Spells: 5/6 levels left

rFire    + . .     SeeInvis +     - Unarmed
rCold    + . .     Gourm    .   (no shield)
rNeg     . . .     Faith    .   b - +0 robe
rPois    +         Spirit   .   (no helmet)
rElec    +         Reflect  .   (no cloak)
rCorr    +         Harm     .   (no gloves)
MR       .....                  (no barding)
Stlth    +.........             (no amulet)
Regen    0.1/turn               (no ring)
MPRegen  0.1/turn               (no ring)

@: short of breath, resistant, very slow
A: see invisible, deformed body, poison resistance, slowness 2, slow metabolism
1, spit poison 1, AC +1
a: Spit Poison


You were on level 2 of the Dungeon.
You were not hungry.

You visited 1 branch of the dungeon, and saw 2 of its levels.

You collected 40 gold pieces.

Inventory:

Missiles
 a - 12 arrows
Armour
 b - a +0 robe (worn)
Scrolls
 e - a scroll of magic mapping {unknown}
 g - 2 scrolls of remove curse {unknown}
 j - 2 scrolls of fear {unknown}
 m - a scroll of identify {unknown}
 n - a scroll of recharging {unknown}
Potions
 h - a potion of mutation {unknown}
 k - a potion of cancellation {unknown}
 l - a potion of flight {unknown}
Books
 c - a book of Changes

   Spells                             Type                      Level
   a - Beastly Appendage              Transmutation                1
   b - Sticks to Snakes               Transmutation                2
   c - Spider Form                    Transmutation/Poison         3
   d - Ice Form                       Ice/Transmutation            4
   e - Blade Hands                    Transmutation                5
Comestibles
 d - 2 bread rations
 i - 3 meat rations


   Skills:
 + Level 1.0 Fighting
 - Level 1.7 Dodging
 * Level 4.2 Unarmed Combat
 - Level 2.2 Spellcasting
 - Level 2.0 Transmutations


You had 5 spell levels left.
You knew the following spells:

 Your Spells              Type           Power        Failure   Level  Hunger
a - Beastly Appendage     Tmut           #.....       11%         1    ##.....


Dungeon Overview and Level Annotations

Branches:
Dungeon (2/15)

Altars:


Innate Abilities, Weirdness & Mutations

You cannot wear boots.
Your serpentine skin is tough. (AC +1)
You have supernaturally acute eyesight. (SInv)
Armour fits poorly on your strangely shaped body.
Your system is resistant to poisons. (rPois)
You cover ground very slowly.
You have a slow metabolism.
You can spit poison.


Message History

The worm is moderately wounded.
The worm bites you.
Press: ? - help, Shift-Dir - straight line, f/p - worm
Aim: a worm (moderately wounded)
The splash of poison misses the worm.
You feel slightly more hungry.
You hit the worm.
The worm is heavily wounded.
The worm bites you.
* * * LOW HITPOINT WARNING * * *
You have got your breath back.
Press: ? - help, Shift-Dir - straight line, f/p - worm
Aim: a worm (moderately wounded)
The splash of poison hits the worm.
The worm is poisoned.
The worm is moderately wounded.
You feel slightly more hungry.
Okay, then.
It was a potion of resistance.
You feel protected. The worm bites you!
You die...

### ..# ...# ...#
....#
##########....#
#...=.@w......#
.....######.#....#
#########...# ..#
#.....#..### #
#..<....##
#..))..## #......#
#......# #.....##


You could see a worm.

Vanquished Creatures
  5 dart slugs
  A leopard gecko (D:1)
  5 bats (D:1)
  6 goblins
  5 hobgoblins (D:1)
  A frilled lizard (D:1)
  6 kobolds (D:1)
  4 rats (D:1)
33 creatures vanquished.

Notes
Turn   | Place    | Note
-------+----------+-------------------------------------------
     0 | D:1      | DerpyTurtle01 the Naga Transmuter began the quest for the Orb.
     0 | D:1      | Reached XP level 1. HP: 18/18 MP: 3/3
   346 | D:1      | Reached XP level 2. HP: 6/25 MP: 5/5
   831 | D:1      | Reached XP level 3. HP: 6/31 MP: 6/6
  1118 | D:1      | Reached skill level 4 in Unarmed Combat
  1772 | D:2      | Slain by a worm

Skill      XL: |  1  2  3 |
---------------+----------+-----
Unarmed Combat | 4 |  4.2
Fighting       | |  1.0
Dodging        | |  1.7
Spellcasting   | |  2.2
Transmutations | |  2.0

Action                   || total
-------------------------++-------
Melee: Unarmed           ||    80
       Punch             ||     1
 Abil: Spit Poison       ||    25
  Use: Potion            ||     2
  Eat: Chunk             ||     3
Armor: Robe              ||    16
Dodge: Dodged            ||    53
